 Dungeon Crawl Stone Soup version 0.29-a0-1023-g6ae1a4a2c7 (webtiles) character file.

Game seed: 1795215465465587181

445 sanka the Conjurer (level 7, -4/50 HPs)
             Began as a Gnoll Conjurer on Aug 11, 2022.
             Splashed by a jelly's acid (10 damage)
             ... on level 4 of the Dungeon.
             The game lasted 00:03:24 (2811 turns).

sanka the Conjurer (Gnoll Conjurer)                 Turns: 2811, Time: 00:03:25

Health: -4/50      AC: -5    Str:  6    XL:     7   Next: 3%
Magic:  3/15       EV: 13    Int: 19    God:
Gold:   105        SH:  0    Dex: 11    Spells: 10/17 levels left

rFire   . . .      SeeInvis .   i - +0 dagger
rCold   . . .      Faith    .   (no shield)
rNeg    . . .      Spirit   .   a - +0 robe
rPois   .          Reflect  .   (no helmet)
rElec   .          Harm     .   (no cloak)
rCorr   .          Rampage  .   (no gloves)
Will    .....                   (no boots)
Stlth   +++.......              (no amulet)
HPRegen 0.16/turn               (no ring)
MPRegen 0.14/turn               h - ring of wizardry

@: corroded
A: fangs 1, strong nose, distributed training
a: no special abilities


You were on level 4 of the Dungeon.
You visited 1 branch of the dungeon, and saw 4 of its levels.

You collected 105 gold pieces.


Innate Abilities, Weirdness & Mutations

You have very sharp teeth.
Your uncanny sense of smell can sniff out nearby items.
Your experience applies equally to all skills.


   Skills:
 + Level 2.3 Fighting
 + Level 2.3 Short Blades
 + Level 2.3 Long Blades
 + Level 2.3 Axes
 + Level 2.3 Maces & Flails
 + Level 2.3 Polearms
 + Level 2.3 Staves
 + Level 2.3 Ranged Weapons
 + Level 2.3 Throwing
 + Level 2.3 Armour
 + Level 5.1 Dodging
 + Level 4.8 Stealth
 + Level 2.3 Shields
 + Level 2.3 Unarmed Combat
 + Level 5.5 Spellcasting
 + Level 7.3 Conjurations
 + Level 1.8 Hexes
 + Level 1.8 Summonings
 + Level 1.8 Necromancy
 + Level 1.8 Translocations
 + Level 1.8 Transmutations
 + Level 1.8 Fire Magic
 + Level 1.8 Ice Magic
 + Level 1.8 Air Magic
 + Level 1.8 Earth Magic
 + Level 1.8 Poison Magic
 + Level 2.5 Invocations
 + Level 2.3 Evocations


You had 10 spell levels left.
You knew the following spells:

 Your Spells              Type           Power      Damage    Failure   Level
x - Searing Ray           Conj           66%        2d6       1%          2
z - Magic Dart            Conj           100%       1d8       1%          1
Z - Fulminant Prism       Conj/Hex       11%        3d9       7%          4

Your spell library contained the following spells:

 Spells                   Type           Power      Damage    Failure   Level
 Dazzling Flash           Conj/Hex       44%        N/A       2%          3
 Call Imp                 Summ           12%        N/A       3%          2
 Mephitic Cloud           Conj/Pois/Air  19%        N/A       3%          3
 Iskenderun's Mystic Bla  Conj/Tloc      22%        2d6       7%          4

Inventory:

Hand Weapons
 i - a +0 dagger (weapon)
Armour
 a - a +0 robe (worn)
Jewellery
 h - a ring of wizardry (right hand)
 p - a ring of ice
Wands
 u - a wand of flame (6)
Scrolls
 e - 2 scrolls of vulnerability {unknown}
 g - a scroll of poison {unknown}
 j - 3 scrolls of identify {unknown}
 k - a scroll of amnesia {unknown}
 m - a scroll of fear {unknown}
 n - a scroll of enchant weapon {unknown}
 q - a scroll of enchant armour {unknown}
 r - a scroll of noise {unknown}
 s - a scroll of acquirement {unknown}
Potions
 b - a potion of magic
 c - 2 potions of invisibility {unknown}
 d - a potion of brilliance {unknown}
 f - 2 potions of heal wounds {unknown}
 l - a potion of attraction {unknown}
 o - a potion of degeneration {unknown}
 t - a potion of flight {unknown}

Dungeon Overview and Level Annotations

Branches:
Dungeon (4/15)
 Temple: D:4-7

Altars:
Kikubaaqudgha
Vehumet

Shops:
D:2

[ ▒.......▒... .▒
▒....▒..... ..▒
....▒(... ....
......▒..... .
▒.▒......?J▒..
▒...▒▒▒▒...?..
▒▒▒.)...........
▒▒.....▒▒▒▒......
▒.......Jg.......
▒................
▒▒▒▒▒▒.▒▒▒▒▒....▒
▒.▒ ▒▒.▒ ▒.▒ .
▒.▒ ▒.. ▒▒ ∆


You could see a jelly.


Message History

Your Long Blades skill increases to level 2!
Your Axes skill increases to level 2!
Your Maces & Flails skill increases to level 2!
Your Polearms skill increases to level 2!
Your Staves skill increases to level 2!
Your Ranged Weapons skill increases to level 2!
Your Throwing skill increases to level 2!
Your Armour skill increases to level 2!
Your Shields skill increases to level 2!
Your Unarmed Combat skill increases to level 2!
Your Evocations skill increases to level 2!
You have reached level 7!
Unknown command.
There is a stone staircase leading up here.
Found a scroll labelled IPUKOO UZOPN.
You see here a wand of flame (7).
u - a wand of flame (7)
The jelly hits you.
* * * LOW HITPOINT WARNING * * *
The acid corrodes you!
You are splashed with acid!
* * * LOW HITPOINT WARNING * * *
Aiming: Throw Flame
Aim: a jelly (100% to hit)
The puff of flame hits the jelly!
The jelly is moderately wounded.
The jelly hits you.
* * * LOW HITPOINT WARNING * * *
You are splashed with acid!
You die...

Action                   |  1- 3 |  4- 6 |  7- 9 || total
-------------------------+-------+-------+-------++-------
 Cast: Magic Dart        |    29 |    70 |       ||    99
       Searing Ray       |     2 |     9 |       ||    11
Evoke: Wand              |       |       |     1 ||     1
Dodge: Dodged            |     2 |     6 |       ||     8

Levels and vault maps discovered:
D:1:      nagdon_arrival_double_spiral, layout_basic,
          hellmonk_ecumenical_altar_crossroads, minivault_11, minivault_24
D:2:      layout_loops_ring, serial_shops, shop
D:3:      layout_rooms, mainiacjoe_overflow_catwalk, kiku_gazebo_pond_becter
D:4:      layout_rooms, uniq_eustachio, uniq_grinder

Notes
Turn   | Place    | Note
-------+----------+-------------------------------------------
     0 | D:1      | sanka the Gnoll Conjurer began the quest for the Orb.
     0 | D:1      | Reached XP level 1. HP: 13/13 MP: 6/6
   279 | D:1      | Reached XP level 2. HP: 19/19 MP: 1/7
   401 | D:1      | Found a faded altar of an unknown god.
   841 | D:1      | Learned a level 2 spell: Searing Ray
   973 | D:2      | Noticed a necrophage
   978 | D:2      | Killed a necrophage
   979 | D:2      | Reached skill level 1 in Fighting
   979 | D:2      | Reached skill level 1 in Short Blades
   979 | D:2      | Reached skill level 1 in Long Blades
   979 | D:2      | Reached skill level 1 in Axes
   979 | D:2      | Reached skill level 1 in Maces & Flails
   979 | D:2      | Reached skill level 1 in Polearms
   979 | D:2      | Reached skill level 1 in Staves
   979 | D:2      | Reached skill level 1 in Ranged Weapons
   979 | D:2      | Reached skill level 1 in Throwing
   979 | D:2      | Reached skill level 1 in Armour
   979 | D:2      | Reached skill level 1 in Shields
   979 | D:2      | Reached skill level 1 in Unarmed Combat
   979 | D:2      | Reached skill level 5 in Spellcasting
   979 | D:2      | Reached skill level 1 in Invocations
   979 | D:2      | Reached skill level 1 in Evocations
   979 | D:2      | Reached XP level 3. HP: 26/26 MP: 0/9
   979 | D:2      | Reached XP level 4. HP: 32/32 MP: 0/11
  1075 | D:2      | Reached skill level 1 in Hexes
  1075 | D:2      | Reached skill level 1 in Summonings
  1075 | D:2      | Reached skill level 1 in Necromancy
  1075 | D:2      | Reached skill level 1 in Translocations
  1075 | D:2      | Reached skill level 1 in Transmutations
  1075 | D:2      | Reached skill level 1 in Fire Magic
  1075 | D:2      | Reached skill level 1 in Ice Magic
  1075 | D:2      | Reached skill level 1 in Air Magic
  1075 | D:2      | Reached skill level 1 in Earth Magic
  1075 | D:2      | Reached skill level 1 in Poison Magic
  1108 | D:2      | Found Kofoh's Antique Armour Shop.
  1703 | D:2      | Reached XP level 5. HP: 37/37 MP: 6/12
  1750 | D:2      | Learned a level 4 spell: Fulminant Prism
  2173 | D:3      | Found a radiant altar of Vehumet.
  2461 | D:3      | Found an ancient bone altar of Kikubaaqudgha.
  2711 | D:4      | Noticed a phantom
  2718 | D:4      | Killed a phantom
  2719 | D:4      | Reached skill level 5 in Dodging
  2719 | D:4      | Reached skill level 2 in Invocations
  2719 | D:4      | Reached XP level 6. HP: 39/44 MP: 4/14
  2793 | D:4      | Noticed Grinder
  2807 | D:4      | Killed Grinder
  2808 | D:4      | Reached skill level 2 in Fighting
  2808 | D:4      | Reached skill level 2 in Short Blades
  2808 | D:4      | Reached skill level 2 in Long Blades
  2808 | D:4      | Reached skill level 2 in Axes
  2808 | D:4      | Reached skill level 2 in Maces & Flails
  2808 | D:4      | Reached skill level 2 in Polearms
  2808 | D:4      | Reached skill level 2 in Staves
  2808 | D:4      | Reached skill level 2 in Ranged Weapons
  2808 | D:4      | Reached skill level 2 in Throwing
  2808 | D:4      | Reached skill level 2 in Armour
  2808 | D:4      | Reached skill level 2 in Shields
  2808 | D:4      | Reached skill level 2 in Unarmed Combat
  2808 | D:4      | Reached skill level 2 in Evocations
  2808 | D:4      | Reached XP level 7. HP: 16/50 MP: 3/15
  2811 | D:4      | Splashed by a jelly's acid

Vanquished Creatures
  Grinder (D:4)
  A phantom (D:4)
  A necrophage (D:2)
  An iguana (D:4)
  4 adders
  2 worms (D:2)
  6 orcs (D:3)
  10 ball pythons
  4 endoplasms
  A giant cockroach (D:3)
  2 goblins (D:2)
  4 hobgoblins
  5 jackals
  4 quokkas
  6 bats
  2 frilled lizards
  4 kobolds
  4 rats
62 creatures vanquished.
